AoeStats
← JLlanqui

MegaRandom

510010303Analyzed
4v4 RM · 2d ago on Sep 29, 2026· 22m 40s· 8 players
Game mode
Random Map
Map size
Large (8 player)
Population
200
Speed
Normal
Resources
Standard
Victory
Conquest
Starting age
Dark Age
Ending age
Imperial Age
RankedLock teamsTeams togetherTeam positionsShared explorationLock speedFull tech treeHidden civsTurbo modeCheats
Victory
Defeat
🇦🇷 Celts · Argentina
929
+18
🇨🇱 Persians · Chile
920
+44
🇨🇱 Berbers · Chile
889
+19
🇵🇪 Slavs · Peru
887
+19
🇲🇽 Huns · Mexico
971
-19
🇨🇳 Magyars · China
965
-19
🇲🇽 Wu · Mexico
957
-18
🇨🇳 Khmer · China
956
-18
ediazamaya0
4:42 Loom
9:57 Feudal Age
10:22 Arson
17:47 Town Watch
NEO
11:37 Feudal Age
12:10 Horse Collar
12:20 Double-Bit Axe
13:47 Town Watch
16:22 Scale Barding Armor
21:41 Castle Age
22:07 Bloodlines
JLlanqui
7:20 Loom
9:48 Feudal Age
10:30 Double-Bit Axe
16:48 Horse Collar
21:45 Castle Age
19:40 Gold Mining
22:53 Scale Barding Armor
23:35 Gold Shaft Mining
23:03 Heavy Plow
MonteBlack
2:53 Loom
12:55 Feudal Age
13:51 Horse Collar
13:58 Double-Bit Axe
19:13 Castle Age
17:51 Forging
17:45 Scale Mail Armor
19:12 Stone Mining
19:17 Gold Mining
20:43 Bow Saw
20:37 Heavy Plow
22:19 Gold Shaft Mining
22:23 Iron Casting
21:53 Gambesons
LV Chris R7
5:44 Loom
12:18 Feudal Age
18:32 Castle Age
18:34 Bloodlines
dafr1997
6:17 Loom
8:17 Feudal Age
9:05 Double-Bit Axe
11:45 Double-Bit Axe
18:55 Castle Age
17:32 Scale Barding Armor
17:39 Horse Collar
18:29 Bloodlines
19:56 Gold Mining
20:33 Husbandry
20:54 Bow Saw
紫幽冰云
10:57 Feudal Age
14:54 Castle Age
14:28 Loom
14:28 Horse Collar
14:36 Double-Bit Axe
19:41 Gold Mining
19:16 Pikeman
電動遊戯
11:18 Feudal Age
12:13 Loom
14:48 Castle Age
12:57 Horse Collar
17:39 Fervor
20:38 Wheelbarrow
Connection lost

Rejoining the realm…

Still unreachable

The connection could not be restored.

Session expired

The server has moved on; the page needs a fresh start.